 Dungeon Crawl Stone Soup version 0.23.0-3-gf3c87f2 (webtiles) character file.

Game seed: 16428710121088466045

35774 Irenicus the Earth Mage (level 13, -3/99 HPs)
             Began as a Deep Dwarf Earth Elementalist on Feb 24, 2019.
             Was the Champion of Makhleb.
             Slain by a torpor snail (14 damage)
             ... on level 6 of the Lair of Beasts.
             The game lasted 01:38:09 (8771 turns).

Irenicus the Earth Mage (DDEE)                      Turns: 8771, Time: 01:38:09

Health: -3/99      AC: 13    Str: 20    XL:     13   Next: 49%
Magic:  0/25       EV: 21    Int: 22    God:    Makhleb [******]
Gold:   539        SH:  6    Dex: 20    Spells: 9/29 levels left

rFire    + . .     SeeInvis .   h - +11 flail "Lifebane" {crush, rF+ Str+2}
rCold    . . .     Gourm    +   Q - +0 buckler of Noon {rN+ Dex+3 Stlth+}
rNeg     + + .     Faith    .   I - +3 leather armour of Good Intentions {Str+7 Dex+4}
rPois    +         Spirit   .   c - +0 helmet of Odashrol {rPois}
rElec    .         Reflect  .   q - +2 cloak
rCorr    .         Harm     .   D - +2 pair of gloves
MR       +....                  (no boots)
Stlth    +++++.....             i - amulet of the gourmand {Gourm, !d}
HPRegen  0.00/turn              X - ring of positive energy {rN+}
MPRegen  0.19/turn              Z - +3 ring of evasion

@: non-regenerating, slowed, very slow
A: damage resistance, heal wounds, sense surroundings 2, no regeneration
a: Heal Wounds, Minor Destruction, Lesser Servant of Makhleb, Major Destruction,
Greater Servant of Makhleb, Renounce Religion


You were on level 6 of the Lair of Beasts.
You worshipped Makhleb.
Makhleb was exalted by your worship.
You were not hungry.

You visited 3 branches of the dungeon, and saw 21 of its levels.

You collected 1098 gold pieces.
You spent 559 gold pieces at shops.

Inventory:

Hand Weapons
 h - the +11 flail "Lifebane" (weapon) {crush, rF+ Str+2}
   (You found it on level 6 of the Dungeon)

   It inflicts extra damage upon your enemies.
   It affects your strength (+2).
   It protects you from fire.
Missiles
 b - 169 stones (quivered)
Armour
 c - the +0 helmet of Odashrol (worn) {rPois}
   (You bought it in a shop on level 11 of the Dungeon)

   It protects you from poison.
 q - a +2 cloak (worn)
   (You found it on level 3 of the Dungeon)
 D - a +2 pair of gloves (worn)
   (You found it on level 4 of the Dungeon)
 I - the +3 leather armour of Good Intentions (worn) {Str+7 Dex+4}
   (You found it on level 6 of the Dungeon)

   It affects your strength (+7).
   It affects your dexterity (+4).
 Q - the +0 buckler of Noon (worn) {rN+ Dex+3 Stlth+}
   (You bought it in a shop on level 9 of the Dungeon)

   It affects your dexterity (+3).
   It protects you from negative energy.
   It makes you more stealthy.
 U - the cursed +1 leather armour of Xoset {rPois rF+ rC- Regen+ Dex+2}
   (You found it on level 12 of the Dungeon)

   It affects your dexterity (+2).
   It protects you from fire.
   It makes you vulnerable to cold.
   It protects you from poison.
   It increases your rate of regeneration.
   It has a curse placed upon it.
Jewellery
 f - an uncursed ring of see invisible {sInv, !d}
   (You found it on level 1 of the Dungeon)
 i - an amulet of the gourmand (around neck) {Gourm, !d}
   (You found it on level 1 of the Dungeon)
 r - an uncursed ring of protection from magic {MR+, !d}
   (You found it on level 3 of the Dungeon)
 J - an uncursed ring of resist corrosion
   (You found it on level 6 of the Dungeon)
 L - an uncursed ring of wizardry {Wiz+, !d}
   (You found it on level 11 of the Dungeon)
 X - a ring of positive energy (left hand) {rN+}
   (You found it on level 2 of the Lair of Beasts)
 Z - a +3 ring of evasion (right hand)
   (You found it on level 1 of the Lair of Beasts)
Wands
 t - a wand of digging (17)
   (You found it on level 3 of the Dungeon)
 x - a wand of enslavement (21)
   (You found it on level 3 of the Dungeon)
 y - a wand of random effects (7)
   (You found it on level 4 of the Dungeon)
 V - a wand of iceblast (9)
   (You found it on level 4 of the Lair of Beasts)
 Y - a wand of flame (24)
   (You found it on level 1 of the Lair of Beasts)
Scrolls
 a - 5 scrolls of remove curse
 g - 2 scrolls of noise {unknown}
 j - 2 scrolls of amnesia
 k - 4 scrolls of magic mapping {!r}
 l - 2 scrolls of fear {unknown}
 m - 2 scrolls of blinking {!r}
 u - 3 scrolls of immolation {!r}
 v - 2 scrolls of identify
 C - a scroll of fog {unknown}
 E - 3 scrolls of enchant weapon {unknown}
 F - a scroll of acquirement {unknown}
 K - 2 scrolls of silence {unknown}
 M - a scroll of random uselessness {unknown}
 S - 6 scrolls of teleportation
Potions
 e - 6 potions of agility
 n - 2 potions of mutation {!q}
 o - 2 potions of berserk rage {!q}
 s - 7 potions of curing
 w - 3 potions of lignification {!q}
 z - 5 potions of flight
 A - a potion of magic
 H - 2 potions of ambrosia {unknown}
 N - a potion of haste
 P - a potion of resistance
 R - 4 potions of degeneration {unknown}
 T - a potion of cancellation {unknown}
 W - 3 potions of heal wounds
Miscellaneous
 p - a lightning rod (3/4)
   (You found it on level 11 of the Dungeon)
 B - a box of beasts
 G - a phial of floods (inert)
   (You found it on level 5 of the Dungeon)
 O - a crystal ball of energy
   (You found it on level 9 of the Dungeon)
Comestibles
 d - 20 rations


   Skills:
 - Level 2.0 Fighting
 - Level 3.2 Maces & Flails
 - Level 3.1 Armour
 - Level 8.2 Dodging
 - Level 8.1 Stealth
 - Level 6.4 Shields
 + Level 8.8 Spellcasting
 - Level 3.1 Conjurations
 - Level 6.2 Necromancy
 - Level 8.4 Transmutations
 - Level 16.2 Earth Magic
 + Level 3.8 Evocations


You had 9 spell levels left.
You knew the following spells:

 Your Spells              Type           Power        Failure   Level  Hunger
a - Sandblast             Erth           ######       0%          1    None
b - Borgnjor's Vile Clut  Necr/Erth      ######....   2%          5    #####..
c - Petrify               Tmut/Erth      ######..     1%          4    ##.....
w - Passwall              Tmut/Erth      ######..     1%          2    None
x - Stone Arrow           Conj/Erth      ######       1%          3    None
z - Lee's Rapid Deconstr  Erth           ######....   1%          5    #####..

Your spell library contained the following spells:

 Spells                   Type           Power        Failure   Level  Hunger
 Throw Frost              Conj/Ice       ###...       6%          2    None
 Freeze                   Ice            #...         8%          1    None
 Summon Small Mammal      Summ           #...         8%          1    None
 Call Imp                 Summ           #.......     12%         2    None
 Ensorcelled Hibernation  Hex/Ice        #.....       12%         2    None
 Swiftness                Chrm/Air       #.......     12%         2    None
 Ice Form                 Ice/Tmut       ####....     14%         4    ##.....
 Call Canine Familiar     Summ           #.......     24%         3    None
 Ozocubu's Armour         Chrm/Ice       #.......     24%         3    None
 Summon Guardian Golem    Hex/Summ       #.......     24%         3    None
 Yara's Violent Unravell  Hex/Tmut       ####......   36%         5    #####..
 Throw Icicle             Conj/Ice       ###.....     38%         4    ##.....
 Cause Fear               Hex            #.........   61%         4    ##.....
 Passage of Golubria      Tloc           N/A          61%         4    ##.....
 Summon Ice Beast         Ice/Summ       #.......     61%         4    ##.....
 Summon Lightning Spire   Summ/Air       #.......     61%         4    ##.....
 Silence                  Hex/Air        #.........   91%         5    #####..
 Darkness                 Hex            #.........   100%        6    ######.
 Deflect Missiles         Chrm/Air       #.........   100%        6    ######.
 Invisibility             Hex            #.......     100%        6    ######.
 Discord                  Hex            #.........   100%        8    #######


Dungeon Overview and Level Annotations

Branches:
Dungeon (14/15)            Temple (1/1) D:5            Lair (6/6) D:11
 Shoals (0/4) Lair:4       Spider (0/4) Lair:3        Slime (0/5) Lair:5
    Orc (0/2) D:11
 Vaults: D:13-14

Altars:
Dithmenos
Elyvilon
Gozag
Hepliaklqana
Kikubaaqudgha
Makhleb
Nemelex Xobeh
Okawaru
Qazlal
Ru
Sif Muna
Trog
Uskayaw
Vehumet
Wu Jian
Xom
Yredelemnul
Zin
The Shining One

Shops:
D:4 *(=}   D:5 }   D:9 [}   D:10 =(*(   D:11 [

Annotations:
D:5 2 runed translucent doors
D:12 3 runed translucent doors, exclusion: hydra, buskinjo's ghost, journeyman OgFE


Innate Abilities, Weirdness & Mutations

You are resistant to damage.
You can heal yourself by infusing magical energy.
You passively map the area around you.
You do not regenerate.


Message History

You regained 25 hp, and now have 84/99 hp.
Fragment what (e.g. wall or brittle monster)?: a four-headed hydra (calcifying dust, moderately wounded, petrified)
The four-headed hydra shatters!!!
The blast of petrified fragments hits the wolf!!
You kill the wolf!
Makhleb accepts your kill.
The blast of petrified fragments hits the death yak.
The four-headed hydra is engulfed in calcifying dust. x2
You now have 8/25 mp.
The four-headed hydra is engulfed in calcifying dust. x2
The death yak gores you!!
You take 18 damage, and have 66/99 hp.
The helpless four-headed hydra fails to defend itself.
You sock the four-headed hydra! The death yak completely misses you.
The helpless four-headed hydra fails to defend itself.
You sock the four-headed hydra! The death yak gores you!
You take 8 damage, and have 58/99 hp.
The helpless four-headed hydra fails to defend itself.
You sock the four-headed hydra!
The death yak stops moving altogether!
The four-headed hydra is no longer petrified.
You block the four-headed hydra's attack.
The four-headed hydra misses you. The four-headed hydra bites you.
The four-headed hydra misses you.
Being near the torpor snail leaves you feeling lethargic.
The four-headed hydra bites you.
The four-headed hydra completely misses you.
The four-headed hydra barely misses you.
The four-headed hydra misses you.
You take 4 damage, and have 54/99 hp.
Decaying hands burst forth from the earth!
Zombie hands grab the death yak.
Zombie hands grab the four-headed hydra.
The zombie hands constrict the death yak.
The zombie hands constrict the four-headed hydra.
The four-headed hydra completely misses you.
The four-headed hydra bites you!
The four-headed hydra closely misses you.
The four-headed hydra bites you but does no damage.
You take 9 damage, and have 45/99 hp.
You now have 4/25 mp.
The zombie hands constrict the death yak.
The zombie hands constrict the four-headed hydra!
You kill the four-headed hydra!
Makhleb accepts your kill.
You feel better.
Your Evocations skill increases to level 3!
You regained 15 hp, and now have 60/99 hp.
The helpless death yak fails to defend itself.
You bludgeon the death yak!!
The zombie hands constrict the death yak.
The helpless death yak fails to defend itself.
You sock the death yak!
The zombie hands constrict the death yak!
The death yak is no longer petrified.
The death yak gores you! x2
You take 11 damage, and have 49/99 hp.
You hit the death yak.
The zombie hands constrict the death yak.
The zombie hands release their grip on the death yak.
The death yak gores you! You block the death yak's attack.
You take 10 damage, and have 39/99 hp.
Aim: a death yak (severely wounded)
The blast of sand hits the death yak!
b - 175 stones The death yak completely misses you.
Aim: a death yak (almost dead)
The blast of sand hits the torpor snail!!
b - 174 stones You now have 4/25 mp.
Aim: a death yak (severely wounded)
The blast of sand hits the death yak.
b - 173 stones The death yak misses you.
You block the torpor snail's attack. The death yak gores you!
* * * LOW HITPOINT WARNING * * *
You take 14 damage, and have 25/99 hp.
You now have 3/25 mp.
Aim: a death yak (almost dead)
The blast of sand hits the death yak.
b - 172 stones The death yak gores you!
* * * LOW HITPOINT WARNING * * *
The torpor snail bites you!
* * * LOW HITPOINT WARNING * * *
You take 13 damage, and have 12/99 hp.
Aim: a death yak (almost dead)
The blast of sand hits the death yak.
You kill the death yak!
Makhleb accepts your kill.
b - 171 stones You block the torpor snail's attack.
You now have 2/25 mp.
Aim: a torpor snail (moderately wounded)
The blast of sand hits the torpor snail!
b - 170 stones The torpor snail bites you.
* * * LOW HITPOINT WARNING * * *
You take 1 damage, and have 11/99 hp.
You now have 1/25 mp.
Aim: a torpor snail (heavily wounded)
The blast of sand hits the torpor snail but does no damage.
b - 169 stones The torpor snail bites you!!
You die...

.....................#
.......#......P..P.###
Y.......†.....#P#..##
.............#####..#
.......††...#..#.[..#
....................#
....................##
.).............†.....#
...............w@..###
.......#...........##
....................#
...................##
....................#
#...................#
..................###
#P...............####
..P...P...†.........#


You could see a torpor snail.

Vanquished Creatures
  6 hydras
  2 catoblepae
  A two-headed ogre (D:11)
  A death yak (Lair:6)
  Sonja (Lair:1)
  Nergalle (D:11)
  An unseen horror (D:11)
  An orb spider (Lair:3)
  Joseph (Lair:1)
  A manticore (D:11)
  5 black mambas
  A gargoyle (D:9)
  6 spiny frogs
  2 komodo dragons
  3 rime drakes
  3 meliai (D:13)
  A polar bear (Lair:3)
  A troll (D:11)
  Grinder (D:5)
  8 hippogriffs
  A spriggan (D:7)
  A wyvern (Lair:2)
  47 yaks
  3 basilisks
  2 hungry ghosts
  12 porcupines
  Duvessa (D:6)
  15 water moccasins
  7 orc warriors
  2 phantoms
  3 ice beasts
  A black bear (D:6)
  2 sky beasts
  A necrophage (D:3)
  4 ogres
  6 centaurs
  7 wolves
  15 crocodiles
  14 bullfrogs
  2 big kobolds
  Dowan (D:6)
  12 killer bees
  2 scorpions
  A jelly (D:11)
  13 wights
  3 howler monkeys
  4 crimson imps
  2 bullfrog skeletons
  4 hounds
  9 orc priests
  12 orc wizards
  4 centaur skeletons
  3 iguanas
  6 hell rats (Lair:3)
  7 worker ants
  A hound zombie (D:6)
  A worker ant zombie (D:10)
  4 gnolls (D:4)
  8 adders
  A howler monkey skeleton (D:11)
  A shadow imp (D:6)
  An adder zombie (D:5)
  6 worms
  A dart slug (D:2)
  8 leopard geckos
  61 orcs
  7 giant cockroaches
  7 hobgoblins
  22 jackals
  5 quokkas
  9 bats
  7 frilled lizards
  8 goblins
  A jackal zombie (D:5)
  12 kobolds
  3 leopard gecko skeletons
  A leopard gecko zombie (D:5)
  4 quokka skeletons
  4 rats
  A plant (Lair:3)
460 creatures vanquished.

Vanquished Creatures (collateral kills)
  A kobold (D:8)
1 creature vanquished.

Vanquished Creatures (others)
  A bush (D:11)
  7 plants
8 creatures vanquished.

Grand Total: 469 creatures vanquished

Notes
Turn   | Place    | Note
-------+----------+-------------------------------------------
     0 | D:1      | Irenicus the Deep Dwarf Earth Elementalist began the quest
                  | for the Orb.
     0 | D:1      | Reached XP level 1. HP: 15/15 MP: 3/3
   135 | D:1      | Reached skill level 2 in Spellcasting
   240 | D:1      | Reached XP level 2. HP: 22/22 MP: 3/5
   289 | D:1      | Learned a level 2 spell: Passwall
   919 | D:2      | Found an ancient bone altar of Kikubaaqudgha.
   980 | D:2      | Reached skill level 5 in Earth Magic
  1098 | D:2      | Reached XP level 3. HP: 16/28 MP: 1/6
  1349 | D:3      | Noticed a centaur
  1394 | D:3      | Killed a centaur
  1394 | D:3      | Reached skill level 7 in Earth Magic
  1394 | D:3      | Reached XP level 4. HP: 13/36 MP: 2/7
  1399 | D:3      | Learned a level 3 spell: Stone Arrow
  1474 | D:3      | Noticed a necrophage
  1478 | D:3      | Killed a necrophage
  1478 | D:3      | Reached skill level 1 in Conjurations
  1478 | D:3      | Reached XP level 5. HP: 15/42 MP: 1/9
  1511 | D:3      | HP: 9/42 [leopard gecko (2)]
  1661 | D:3      | HP: 6/42 [orc priest/nerve-wracking pain (3)]
  1666 | D:3      | Reached skill level 3 in Spellcasting
  1666 | D:3      | Reached skill level 2 in Conjurations
  1668 | D:3      | Reached XP level 6. HP: 41/49 MP: 2/10
  1786 | D:4      | Found Lawker's Jewellery Emporium.
  1797 | D:4      | Found Byesufon's Gadget Shop.
  1995 | D:5      | Entered Level 5 of the Dungeon
  2002 | D:5      | Reached skill level 3 in Conjurations
  2010 | D:5      | Reached skill level 1 in Transmutations
  2010 | D:5      | Reached XP level 7. HP: 36/55 MP: 1/12
  2016 | D:5      | Learned a level 4 spell: Petrify
  2026 | D:5      | Reached skill level 4 in Spellcasting
  2030 | D:5      | Noticed Grinder
  2052 | D:5      | Killed Grinder
  2052 | D:5      | Reached skill level 2 in Transmutations
  2064 | D:5      | Reached skill level 3 in Transmutations
  2104 | D:5      | Found a staircase to the Ecumenical Temple.
  2108 | D:5      | Found a stormy altar of Qazlal.
  2139 | Temple   | Entered the Ecumenical Temple
  2231 | Temple   | Became a worshipper of Makhleb the Destroyer
  2257 | D:5      | Found a large runed translucent door.
  2259 | D:5      | Found a large runed translucent door.
  2264 | D:5      | Found a large runed translucent door.
  2264 | D:5      | Found a large runed translucent door.
  2292 | D:5      | Reached skill level 5 in Spellcasting
  2292 | D:5      | Reached XP level 8. HP: 22/62 MP: 2/15
  2299 | D:5      | Learned a level 5 spell: Lee's Rapid Deconstruction
  2334 | D:5      | Irenicus: ?? staff of wizardry
  2334 | D:5      | beem: wizardry[1/2]: Makes spellcasting less likely to
                  | fail. Comes in staff and ring form. Stacks, but not very
                  | well. Vehumet grants a similar boost to {destructive
                  | spells}, which stacks well with regular wizardry.
  2334 | D:5      | Irenicus: ?? staff of wizardry [2
  2334 | D:5      | beem: wizardry[2/2]: There is a cap on spell failure
                  | reduction from brilliance, wizardry, and Vehumet. It is
                  | reached with: 1 potion of brilliance, OR 5 wizardry items,
                  | OR Vehumet and one wizardry item.
  2385 | D:5      | Reached skill level 4 in Transmutations
  2403 | D:5      | Reached skill level 8 in Earth Magic
  2430 | D:5      | Found a glowing silver altar of Zin.
  2433 | D:5      | Found Behoy's Gadget Emporium.
  2511 | D:4      | Reached skill level 9 in Earth Magic
  2549 | D:4      | Found Genamy's Assorted Antiques.
  2554 | D:4      | Bought a scroll labeled ZAIPI GOOFOU for 29 gold pieces
  2555 | D:4      | Bought a scroll labeled HAOLU PIAZILUZUESU for 29 gold
                  | pieces
  2555 | D:4      | Bought a scroll labeled QETTEX QIUGHAA for 29 gold pieces
  2555 | D:4      | Bought a scroll labeled NOUSOCH JOSCH for 29 gold pieces
  2599 | D:4      | Found Zeureul's Weapon Shop.
  2736 | D:5      | Reached * piety under Makhleb
  2907 | D:6      | Found a hide-covered altar of Uskayaw.
  2908 | D:6      | Got a distressingly furry leather armour
  2929 | D:6      | Identified the +3 leather armour of Good Intentions {Str+7
                  | Dex+4} (You found it on level 6 of the Dungeon)
  2962 | D:6      | Got a smoking flail
  2963 | D:6      | Identified the +11 flail "Lifebane" {crush, rF+ Str+2} (You
                  | found it on level 6 of the Dungeon)
  2991 | D:6      | Noticed Duvessa
  2991 | D:6      | Noticed Dowan
  2997 | D:6      | Killed Dowan
  2999 | D:6      | HP: 15/63 [Duvessa/+0 rapier (8)]
  3003 | D:6      | Killed Duvessa
  3003 | D:6      | Reached skill level 1 in Fighting
  3003 | D:6      | Reached skill level 1 in Maces & Flails
  3003 | D:6      | Reached skill level 10 in Earth Magic
  3048 | D:6      | Found a hazy altar of Hepliaklqana.
  3085 | D:6      | Reached skill level 2 in Maces & Flails
  3090 | D:6      | Reached skill level 2 in Fighting
  3166 | D:6      | Identified the cursed +3 long sword "Satuodil" {drain,
                  | *Rage rPois Int+2 Dex+2} (You found it on level 6 of the
                  | Dungeon)
  3376 | D:5      | Found a shadowy altar of Dithmenos.
  3473 | D:7      | Reached skill level 3 in Maces & Flails
  3473 | D:7      | Gained mutation: You passively map the area around you.
                  | [Deep Dwarf growth]
  3473 | D:7      | Reached XP level 9. HP: 34/73 MP: 16/16
  3572 | D:7      | Found a sacrificial altar of Ru.
  3583 | D:7      | Reached ** piety under Makhleb
  3611 | D:7      | Reached skill level 11 in Earth Magic
  3807 | D:7      | Reached skill level 1 in Armour
  3854 | D:7      | Reached skill level 3 in Dodging
  3981 | D:8      | Reached skill level 2 in Armour
  3988 | D:8      | Reached skill level 12 in Earth Magic
  4058 | D:8      | Got a crystal trident
  4059 | D:8      | Identified the +6 trident of the Moth {venom, +Fly rPois
                  | MR+} (You found it on level 8 of the Dungeon)
  4092 | D:8      | Reached skill level 3 in Armour
  4095 | D:8      | Reached skill level 4 in Dodging
  4145 | D:8      | Reached skill level 3 in Stealth
  4320 | D:8      | Reached *** piety under Makhleb
  4320 | D:8      | Reached skill level 4 in Stealth
  4320 | D:8      | Reached XP level 10. HP: 80/80 MP: 1/17
  4486 | D:9      | Found an opulent altar of Gozag.
  4522 | D:9      | Reached skill level 5 in Dodging
  4626 | D:9      | Found Uhiteg's Gadget Shoppe.
  4756 | D:9      | Noticed a gargoyle
  4759 | D:9      | Killed a gargoyle
  4759 | D:9      | Reached skill level 6 in Dodging
  4759 | D:9      | Reached skill level 13 in Earth Magic
  4876 | D:9      | Found a bloodstained altar of Trog.
  4880 | D:9      | Found a radiant altar of Vehumet.
  4880 | D:9      | Found a glowing golden altar of the Shining One.
  4881 | D:9      | Found a deep blue altar of Sif Muna.
  4899 | D:9      | Found Kunotosi's Antique Armour Emporium.
  4913 | D:9      | Bought a faintly glowing buckler for 266 gold pieces
  4918 | D:9      | Identified the cursed +0 buckler of Noon {rN+ Dex+3 Stlth+}
                  | (You bought it in a shop on level 9 of the Dungeon)
  5034 | D:10     | Entered Level 10 of the Dungeon
  5063 | D:10     | Found Queppoef's Weapon Shop.
  5072 | D:10     | Found a radiant altar of Vehumet.
  5093 | D:10     | Reached skill level 1 in Shields
  5120 | D:10     | Reached skill level 2 in Shields
  5140 | D:10     | Reached skill level 3 in Shields
  5145 | D:10     | Reached skill level 4 in Shields
  5349 | D:10     | Found Wocuwosu's Weapon Boutique.
  5362 | D:10     | Found Syaxt's Assorted Antiques.
  5462 | D:10     | Found Loohecow's Jewellery Boutique.
  5516 | D:11     | You fall through a shaft for 3 floors!
  5527 | D:14     | Noticed a five-headed hydra
  5544 | D:13     | Reached **** piety under Makhleb
  5544 | D:13     | Reached skill level 5 in Shields
  5551 | D:13     | Reached skill level 7 in Dodging
  5581 | D:12     | Found a runed translucent gate.
  5581 | D:12     | Found a runed translucent gate.
  5581 | D:12     | Found a runed translucent gate.
  5581 | D:12     | Noticed a tengu reaver
  5581 | D:12     | Noticed a red ugly thing
  5582 | D:12     | Noticed buskinjo's ghost (journeyman OgFE)
  5582 | D:12     | Noticed a centaur warrior
  5584 | D:12     | Noticed a phantasmal warrior
  5613 | D:12     | Got a polished leather armour
  5614 | D:12     | Noticed a seven-headed hydra
  5627 | D:11     | Found a basalt altar of Yredelemnul.
  5653 | D:11     | Reached skill level 6 in Shields
  5684 | D:11     | Reached XP level 11. HP: 86/86 MP: 4/18
  5728 | D:11     | Reached skill level 8 in Dodging
  5846 | D:11     | Found a staircase to the Lair.
  5858 | D:11     | Identified the cursed +1 leather armour of Xoset {rPois rF+
                  | rC- Regen+ Dex+2} (You found it on level 12 of the Dungeon)
  5863 | D:11     | Reached skill level 5 in Stealth
  5869 | D:11     | Reached skill level 6 in Spellcasting
  5926 | D:11     | Noticed Nergalle
  5940 | D:11     | Killed Nergalle
  5940 | D:11     | Reached skill level 6 in Stealth
  5965 | D:11     | Noticed an unseen horror
  5969 | D:11     | Killed an unseen horror
  6053 | D:11     | Reached ***** piety under Makhleb
  6053 | D:11     | Reached skill level 7 in Stealth
  6086 | D:11     | Found a staircase to the Orcish Mines.
  6157 | D:11     | Found Iguteg's Armour Shop.
  6157 | D:11     | Noticed a two-headed ogre
  6171 | D:11     | Killed a two-headed ogre
  6171 | D:11     | Reached skill level 7 in Spellcasting
  6175 | D:11     | Reached skill level 8 in Stealth
  6190 | D:11     | Bought the cursed +0 helmet of Odashrol {rPois} for 177
                  | gold pieces
  6254 | Lair:1   | Entered Level 1 of the Lair of Beasts
  6343 | Lair:1   | Reached skill level 5 in Transmutations
  6485 | Lair:1   | Noticed Joseph
  6485 | Lair:1   | Noticed Sonja
  6508 | Lair:1   | Killed Sonja
  6517 | Lair:1   | Killed Joseph
  6517 | Lair:1   | Reached XP level 12. HP: 93/93 MP: 10/23
  6538 | Lair:1   | Reached skill level 8 in Spellcasting
  6751 | Lair:2   | Reached skill level 6 in Transmutations
  6763 | Lair:2   | Noticed a catoblepas
  6779 | Lair:2   | Killed a catoblepas
  7135 | Lair:2   | Reached skill level 7 in Transmutations
  7189 | Lair:2   | Identified the Disquisition on the Icy Mountains
  7197 | Lair:2   | Learned a level 5 spell: Borgnjor's Vile Clutch
  7271 | Lair:3   | Found a hole to the Spider Nest.
  7285 | Lair:3   | Reached skill level 1 in Necromancy
  7329 | Lair:3   | Noticed a four-headed hydra
  7346 | Lair:3   | Noticed an eight-headed hydra
  7358 | Lair:3   | Killed a four-headed hydra
  7358 | Lair:3   | Reached skill level 2 in Necromancy
  7358 | Lair:3   | Reached skill level 8 in Transmutations
  7403 | Lair:3   | HP: 22/93 [eight-headed hydra (3)]
  7405 | Lair:3   | Reached skill level 3 in Necromancy
  7405 | Lair:3   | HP: 3/93 [eight-headed hydra (8)]
  7414 | Lair:3   | Killed an eight-headed hydra
  7427 | Lair:3   | Noticed a six-headed hydra
  7429 | Lair:3   | Reached skill level 4 in Necromancy
  7670 | Lair:4   | Irenicus: ?? vile hand
  7670 | Lair:4   | beem: I don't have a page labeled vile_hand in my learndb.
  7670 | Lair:4   | Irenicus: ?? Borgnjor
  7670 | Lair:4   | beem: borgnjor's revivification[1/2]: Level 8 Necromancy
                  | spell that completely restores HP (but not rotting) while
                  | permanently reducing maxhp between 2 and 10 percent
                  | depending on power. Note that the undead and those who take
                  | lichform cannot cast this spell, as they are beyond the
                  | realm of normal life and death. Those with 20 max HP or
                  | less are too frail to use this spell.
  7670 | Lair:4   | Irenicus: ?? Borgnjor [2
  7670 | Lair:4   | beem: borgnjor's revivification[2/2]: If you intend to use
                  | this as an emergency button at some point, be damn sure to
                  | leave as little margin for miscasting as possible. Does not
                  | ask for confirmation, so consider putting it on an
                  | uppercase letter.
  7670 | Lair:4   | Irenicus: ?? Borgnjor's vile clutch
  7670 | Lair:4   | beem: Borgnjor's Vile Clutch[1/4]: Not actually a nasty
                  | purse used by necromancers but the actual and good name for
                  | the zombie hands player spell - L5 earth/necromancy, smite
                  | targeted constriction in a 3x3 area. New in 0.21.
  7670 | Lair:4   | Irenicus: ?? Borgnjor's vile clutch [2
  7670 | Lair:4   | beem: Borgnjor's Vile Clutch[2/4]: Won't affect you or your
                  | allies. Can't be used on squares without a solid floor (no
                  | lava or deep water). Can't be used on monsters that are
                  | rConstriction: insubstantial, a slime monster, or has a
                  | spiny retaliation attack.
  7670 | Lair:4   | Irenicus: ?? Borgnjor's vile clutch [3
  7670 | Lair:4   | beem: Borgnjor's Vile Clutch[3/4]: Constriction damage is
                  | based on spell-power: 2d((75 + spellpower)/20). It
                  | increases over time of constriction, like for normal
                  | constriction, using the same 5-turn log2 stepdown.
  7670 | Lair:4   | Irenicus: ?? Borgnjor's vile clutch [4
  7670 | Lair:4   | beem: Borgnjor's Vile Clutch[4/4]: It's like fireball
                  | except smite targeted, can't hit allies or yourself,
                  | applies sticky flame, and locks enemies in place.
  7692 | Lair:4   | Reached skill level 5 in Necromancy
  7717 | Lair:4   | Found a staircase to the Shoals.
  7728 | Lair:4   | Reached skill level 6 in Necromancy
  7900 | Lair:4   | Reached skill level 14 in Earth Magic
  7942 | Lair:4   | Noticed an eight-headed hydra
  7949 | Lair:4   | Killed an eight-headed hydra
  7949 | Lair:4   | Reached XP level 13. HP: 99/99 MP: 8/25
  8188 | Lair:5   | Reached skill level 15 in Earth Magic
  8239 | Lair:5   | Reached ****** piety under Makhleb
  8508 | Lair:5   | Found a staircase to the Slime Pits.
  8633 | Lair:6   | Entered Level 6 of the Lair of Beasts
  8642 | Lair:6   | Reached skill level 16 in Earth Magic
  8718 | Lair:6   | Reached skill level 1 in Evocations
  8753 | Lair:6   | Reached skill level 2 in Evocations
  8761 | Lair:6   | Reached skill level 3 in Evocations
  8768 | Lair:6   | HP: 16/99 [death yak[a torpor snail] (9)]
  8771 | Lair:6   | Slain by a torpor snail

Skill      XL: |  1  2  3  4  5  6  7  8  9 10 11 12 13 |
---------------+----------------------------------------+-----
Spellcasting   | 2 3 5 7 8 |  8.8
Earth Magic    | 5 7 10 12 13 14 16 | 16.2
Conjurations   | 1 2 3 |  3.1
Transmutations | 1 3 4 5 8 |  8.4
Fighting       | 2 |  2.0
Maces & Flails | 3 |  3.2
Armour         | 3 |  3.1
Dodging        | 4 7 8 |  8.2
Stealth        | 4 8 |  8.1
Shields        | 6 |  6.4
Necromancy     | 6 |  6.2
Evocations     | 3 |  3.8

Action                   |  1- 3 |  4- 6 |  7- 9 | 10-12 | 13-15 || total
-------------------------+-------+-------+-------+-------+-------++-------
Melee: Club              |    13 |       |       |       |       ||    13
       Short sword       |    30 |     2 |       |       |       ||    32
       Dagger            |       |    29 |   106 |       |       ||   135
       Flail             |       |       |    96 |   318 |    64 ||   478
 Cast: Sandblast         |    32 |    36 |    89 |   145 |    18 ||   320
       Passwall          |    18 |     9 |    20 |    28 |     2 ||    77
       Stone Arrow       |       |     5 |    24 |     8 |       ||    37
       Petrify           |       |       |     8 |    32 |       ||    40
       Lee's Rapid Decon |       |       |     9 |    22 |     2 ||    33
       Borgnjor's Vile C |       |       |       |     9 |    12 ||    21
 Abil: Heal Wounds       |       |     1 |     1 |       |       ||     2
Evoke: Wand              |       |     6 |     3 |     4 |     6 ||    19
       Phial of floods   |       |       |     1 |       |     1 ||     2
       Lightning rod     |       |       |       |     7 |     1 ||     8
       Box of beasts     |       |       |       |     1 |       ||     1
  Use: Scroll            |     1 |     1 |     8 |    15 |     2 ||    27
       Potion            |     1 |     1 |     6 |     1 |     1 ||    10
 Stab: Sleeping          |     5 |     2 |     7 |    24 |     2 ||    40
       Paralysed         |       |     1 |     1 |       |       ||     2
       Petrified         |       |       |    29 |    71 |     9 ||   109
       Invisible         |       |       |     1 |       |       ||     1
       Petrifying        |       |       |       |     5 |       ||     5
       Distracted        |       |       |       |     1 |       ||     1
  Eat: Chunk             |     7 |     8 |    18 |    15 |     1 ||    49
       Ration            |       |       |       |       |     2 ||     2
Armor: Robe              |     3 |       |       |       |       ||     3
       Leather armour    |    16 |    12 |    48 |    89 |    16 ||   181
       Skin              |       |       |    42 |       |       ||    42
Dodge: Dodged            |    32 |    31 |   123 |   405 |    97 ||   688
Block: Buckler           |       |       |       |   121 |    35 ||   156

Levels and vault maps discovered:
D:1:      roderic_dead_forest, layout_basic, serial_curves, eino_curves_01,
          eino_curves_03, hangedman_decor_lopped, grunt_decor_clamped,
          minmay_misc_feat_rows, chequers_serial_rivers_marsh
D:2:      layout_basic, old_standard_altar, first_ration,
          hangedman_decor_growths
D:3:      layout_basic
D:4:      layout_basic, serial_shops, shop, shop, nicolae_shop_crystal, shop,
          bh_walls_and_bars
D:5:      layout_gridville, kennysheep_little_box,
          nicolae_qazlal_general_emergency, old_standard_altar,
          minmay_temple_entry_slanted, serial_shops, shop,
          minmay_hollow_rounded_squares, uniq_grinder
D:6:      layout_loops_corners, lemuel_coloured_pillars_altar,
          nicolae_overflow_crystal_walls, corexii_shack, uniq_duvessa
D:7:      layout_basic, the_bakery, nicolae_ru_great_annihilating_truth
D:8:      layout_rooms, hangedman_abyss_or_decor_stagger, minmay_diced_spiral
D:9:      layout_basic, lemuel_doored_altar, minitemple, serial_shops,
          nicolae_shop_stone, nicolae_shop_statue_plus
D:10:     layout_irregular_city, serial_shops, kennysheep_mini_moat,
          nicolae_shop_stone, nicolae_shop_stone, shop, basic_altar
D:11:     layout_roguey, minmay_lair_entry_grove, hiddenorc1_lemuel,
          basic_altar, serial_shops, shop, kennysheep_dice, uniq_nergalle
D:12:     layout_roguey, gammafunk_ghost_split, moated_statue, zaba_anthell,
          uniq_nessos
D:13:     layout_basic, serial_shops, shop, solitary_fountain
D:14:     layout_roguey [special_room_mythical_zoo], erik_vaults_2,
          roderic_lattice_octagonal_star, uniq_rupert
Temple:   grunt_temple_mini_profane
Lair:1:   layout_gridlike, st_stairs_7, uniq_joseph, uniq_sonja
Lair:2:   layout_cave_pods, beast_lair_carwin_4, grunt_megastairs_3
Lair:3:   layout_misc_corridors, nicolae_spider_entry_orb_guardian,
          chequers_serial_rivers_large_a, serial_bayou_shore_b
Lair:4:   layout_big_grid, shoals_dummy_entry, serial_rivers,
          chequers_serial_rivers_micro_b, chequers_serial_rivers_room_b,
          chequers_serial_rivers_room_b, chequers_serial_rivers_micro_e,
          chequers_serial_rivers_micro_a
Lair:5:   layout_layer_cave, slime_dummy
Lair:6:   cheibrodos_lair_end_hotspot, layout_gridlike

Table legend:
 A = Turns spent in this place as a percentage of turns spent in the entire game.
 B = Non-inter-level travel turns spent in this place as a percentage of non-inter-level travel turns spent in the entire game.
 C = Inter-level travel turns spent in this place as a percentage of turns spent in this place.
 D = Turns resting spent in this place as a percentage of non-inter-level travel turns spent in this place.
 E = Turns spent auto-exploring this place as a percentage of non-inter-level travel turns spent in this place.
 F = Non-inter-level travel turns spent in this place divided by the number of levels of this place that you've seen.
                   A       B       C       D       E      F
               +-------+-------+-------+-------+-------+----------------------
         Total | 100.0 | 100.0 |   0.6 |   0.0 |   0.0 | 415.3
       Dungeon |  70.1 |  70.0 |   0.6 |   0.0 |   0.0 | 436.2
        Temple |   1.2 |   1.2 |   0.0 |   0.0 |   0.0 | 109.0
          Lair |  28.7 |  28.7 |   0.4 |   0.0 |   0.0 | 417.7
               +-------+-------+-------+-------+-------+----------------------

Table legend:
 A = Kills in this place as a percentage of kills in entire the game.
 B = Kills by you in this place as a percentage of kills by you in the entire game.
 C = Kills by friends in this place as a percentage of kills by friends in the entire game.
 D = Other kills in this place as a percentage of other kills in the entire game.
 E = Experience gained in this place as a percentage of experience gained in the entire game.
 F = Experience gained in this place divided by the number of levels of this place that you have seen.
                   A       B       C       D       E      F
               +-------+-------+-------+-------+-------+----------------------
         Total | 100.0 | 100.0 | 100.0 |   N/A | 100.0 | 2433.6
       Dungeon |  71.7 |  71.7 | 100.0 |   N/A |  35.8 | 1305.7
          Lair |  28.3 |  28.3 |   0.0 |   N/A |  64.2 | 5471.0
               +-------+-------+-------+-------+-------+----------------------
